 Dungeon Crawl Stone Soup version 0.31-a0-986-g5e6e4ef867 (webtiles) character file.

Game seed: 3516170363803149826

135431 Xavori the Nimble (level 17, 0/150 HPs)
             Began as a Djinni Chaos Knight on Nov 7, 2023.
             Was a Plaything of Xom.
             Killed from afar by a starcursed mass (9 damage)
             ... with an accursed screaming
             ... on level 3 of the Abyss.
             The game lasted 00:56:55 (30895 turns).

Xavori the Nimble (Djinni Chaos Knight)            Turns: 30895, Time: 00:56:56

Health: 0/150      AC: 17    Str: 18    XL:     17   Next: 77%
Gold:   3899       EV: 18    Int: 13    God:    Xom [..*...] SH: 12 Dex: 20

rFire   + + +        F - +4 scimitar (flame)
rCold   + . .        X - +2 kite shield {rF+}
rNeg    + + .        d - +3 ring mail {rC+}
rPois   ∞            (helmet unavailable)
rElec   +            R - +0 cloak
rCorr   +            D - +2 pair of gloves {Str+3}
SInv    +            (boots unavailable)
Will    +....        H - amulet "Sacsinte" {Faith rF+}
Stlth   ++           N - ring of Esocic {Fly rElec rF- rC+ Stlth+}
HPRegen 0.45/turn    M - ring of Umpiuhir {rN++ rCorr}
MPRegen 0.00/turn

%: faith, infuse magic (-1 HP)
@: brilliant, weakened, wereblooded (expiring), flying
A: sickness immunity, fire resistance 3, cold vulnerability 1, float, innate
caster, HP casting, extra vitality 1, horns 3, iridescent scales 1, see
invisible, robust 2, strong 1, evolution 2, inability to drink after injury 2,
MP-powered wands, noise suppression
a: Renounce Religion


You were on level 3 of the Abyss.
You worshipped Xom.
You were a toy of Xom.
You visited 3 branches of the dungeon, and saw 22 of its levels.
You visited the Abyss 2 times.
You also visited: Sewer, Bailey and Gauntlet.

You collected 3899 gold pieces.

Inventory:

Hand Weapons
 a - a +1 falchion of freezing
 F - a +4 scimitar of flaming (weapon)
 G - a +5 triple sword of holy wrath
Missiles
 f - a throwing net
 m - 56 poisoned darts
Armour
 b - a +2 leather armour
 d - a +3 ring mail of cold resistance (worn)
 D - a +2 pair of gloves of strength (worn)
 E - a +1 helmet of intelligence
 L - the +3 hat "Cad Just" {+Inv Int+4}
   (You acquired it on level 11 of the Dungeon)

   Int+4:     It affects your intelligence (+4).
   +Inv:      It lets you turn invisible.
 R - a +0 cloak (worn)
 X - a +2 kite shield of fire resistance (worn)
Jewellery
 x - a +6 ring of dexterity
 z - a ring of ice
 H - the amulet "Sacsinte" (around neck) {Faith rF+}
   (You found it on level 10 of the Dungeon)

   [amulet of faith]

   Faith:     It allows you to gain divine favour quickly.
   rF+:       It protects you from fire.
 M - the ring of Umpiuhir (right hand) {rN++ rCorr}
   (You acquired it in a Gauntlet)

   [ring of resist corrosion]

   rN++:      It greatly protects you from negative energy.
   rCorr:     It protects you from acid and corrosion.
 N - the ring of Esocic (left hand) {Fly rElec rF- rC+ Stlth+}
   (You found it in a Gauntlet)

   [ring of flight]

   rF-:       It makes you vulnerable to fire.
   rC+:       It protects you from cold.
   rElec:     It insulates you from electricity.
   Fly:       It grants you flight.
   Stlth+:    It makes you more stealthy.
 U - a +4 ring of protection
 Y - a ring of willpower
Talismans
 T - a granite talisman
Wands
 n - a wand of roots (20)
 r - a wand of light (8)
 s - a wand of paralysis (15)
 y - a wand of mindburst (19)
 A - a wand of polymorph (13)
 J - a wand of flame (43)
 P - a wand of digging (19)
Scrolls
 c - a scroll of butterflies
 g - 4 scrolls of identify
 l - 5 scrolls of enchant weapon
 o - 13 scrolls of teleportation
 p - 4 scrolls of immolation
 q - 3 scrolls of blinking
 u - 2 scrolls of revelation
 w - 4 scrolls of enchant armour
 B - 3 scrolls of summoning
 C - 4 scrolls of poison
 I - 7 scrolls of vulnerability
 K - 2 scrolls of brand weapon
 V - 2 scrolls of fear
 W - a scroll of fog
Potions
 e - 3 potions of heal wounds
 i - a potion of attraction
 j - a potion of mutation
 k - a potion of invisibility
 t - 4 potions of enlightenment
 v - 2 potions of might
 O - 3 potions of lignification
 Q - 4 potions of curing


   Skills:
 + Level 12.5 Fighting
 + Level 13.2 Long Blades
 + Level 12.2 Armour
 + Level 13.4 Dodging
 * Level 3.7 Shields
 * Level 10.8 Spellcasting
 * Level 10.8 Conjurations
 * Level 10.8 Hexes
 * Level 10.8 Summonings
 * Level 10.8 Necromancy
 * Level 10.8 Translocations
 * Level 10.8 Transmutations
 * Level 10.8 Fire Magic
 * Level 10.8 Ice Magic
 * Level 10.8 Air Magic
 * Level 10.8 Earth Magic
 * Level 10.8 Poison Magic
 - Level 6.5 Evocations
 * Level 7.4 Shapeshifting


You knew the following spells:

 Your Spells              Type           Power      Damage    Failure   Level
a - Summon Small Mammal   Summ           100%       N/A       1%          1
b - Passwall              Tmut/Erth      42%        N/A       1%          2
c - Wereblood             Tmut           51%        N/A       1%          2
d - Summon Lightning Spi  Summ/Air       51%        N/A       4%          4
e - Flame Wave            Conj/Fire      51%        2d13      4%          4
f - Metabolic Englaciati  Hex/Ice        25%        N/A       14%         5
g - Summon Cactus Giant   Summ           25%        N/A       58%         6
h - Conjure Ball Lightni  Conj/Air       25%        3x3d7     58%         6
Your spell library was empty.

Dungeon Overview and Level Annotations

Branches:
Dungeon (15/15)            Temple (0/1) D:5            Lair (5/5) D:11
 Shoals (0/4) Lair:2        Snake (0/4) Lair:3        Slime (0/5) Lair:5
    Orc (2/2) D:9             Elf (0/3) Orc:2        Vaults (0/5) D:14
 Depths (0/4) D:15          Sewer (visited)          Bailey (visited)
Gauntlet (visited)

Altars:
Ashenzari
Cheibriados
Dithmenos
Elyvilon
Makhleb
Nemelex Xobeh
Okawaru
Wu Jian
Xom
The Shining One

Shops:
D:4 :   Orc:2 [([(

Portals:
Trove: D:11 (give +4 storm dragon scales)

Annotations:
D:4 3 runed translucent doors, DocClef's ghost, amateur TrSh; Firecrotchwizard's ghost, amateur MfSh
D:15 Fuwuuf's ghost, journeyman DsFi


Innate Abilities, Weirdness & Mutations

You are immune to sickness and miasma.
You are immune to poison.
Your flesh is almost immune to the effects of heat. (rF+++)
You are vulnerable to cold. (rC-)
You float through the air rather than walking.
You learn spells naturally, not from books.
Your magical power is your life essence.
You have superior vitality. (+4 MHP)
You have a pair of large horns on your head.
You are partially covered in iridescent scales. (AC +2)
You have supernaturally acute eyesight. (SInv)
You are very robust. (+20% HP)
Your muscles are strong. (Str +4, Int/Dex -1)
You have great hidden genetic potential.
You sometimes lose the ability to drink potions when taking damage.
You expend health (3 HP) to strengthen your wands.
You passively dampen the noise of your surroundings.


Message History

"Let's see if it's strong enough to survive yet."
The starcursed mass touches you.
* * * LOW HITPOINT WARNING * * *
Your life force feels restored.
Unknown command.
You hit the unseen horror. You burn the unseen horror.
The unseen horror is lightly wounded.
The unseen horror hits you.
* * * LOW HITPOINT WARNING * * *
The iron imp closely misses you.
The unseen horror hits you but does no damage.
A chorus of shrieks assaults your mind.
* * * LOW HITPOINT WARNING * * *
You barely miss the unseen horror. You headbutt the unseen horror!
The unseen horror is heavily wounded.
The unseen horror closely misses you. You block the unseen horror's attack.
The neqoxec gestures at you.
Something tries to feed on your intellect!
The orange demon misses you. You block the iron imp's attack.
The starcursed mass touches you but does no damage.
You slash the unseen horror! You burn the unseen horror.
The unseen horror is severely wounded.
You block the unseen horror's attack.
The unseen horror hits you but does no damage.
The orange demon misses you. You block the starcursed mass's attack.
The iron imp misses you.
Unknown command.
You slash the unseen horror! You burn the unseen horror.
The unseen horror is almost dead.
The ground is no longer liquid beneath you.
You are now a toy of Xom.
You block the unseen horror's attack. You block the orange demon's attack.
You block the starcursed mass's attack.
Unknown command.
You slash the unseen horror! You burn the unseen horror.
You kill the unseen horror!
The unseen horror disappears in a puff of smoke!
A chorus of shrieks assaults your mind.
You die...
Xom guffaws!

########
#535@X4#
#.###§#X#
#XG. . .
#h #.# #
. . # ..#
. #.. . .
. #.. #
#. .# .


You could see 3 starcursed masses, a glowing orange brain, an orange demon
(summoned), a neqoxec, an iron imp (summoned) and an ufetubus (summoned).

Vanquished Creatures
  A bone dragon (Abyss:2)
  3 liches (D:15)
  2 tentacled starspawn
  A caustic shrike zombie (Abyss:2)
  The ghost of Imulidwi the Warrior, a journeyman OpFi of Okawaru (D:15)
  4 orc warlords
  An angel (Abyss:3)
  A green draconian (Abyss:2)
  A caustic shrike skeleton (Abyss:3)
  Azrael (D:13)
  A bunyip (Lair:4)
  A hydra (D:14)
  A vault guard (D:14)
  2 centaur warriors
  5 two-headed ogres
  6 boulder beetles
  A dancing weapon (D:14)
  3 tengu warriors (D:14)
  A vampire mage (D:14)
  5 thrashing horrors
  Sonja (Lair:5)
  7 orc high priests
  3 skeletal warriors
  A skyshark (Lair:2)
  A wretched star (Abyss:3)
  A spark wasp zombie (D:15)
  A harpy (shapeshifter) (D:9)
  A lindwurm (Lair:4)
  5 orc knights
  A deep elf archer (Orc:1)
  A deep elf zephyrmancer (Orc:1)
  14 ugly things
  A necromancer (D:15)
  8 cyclopes
  15 starcursed masses
  5 orc sorcerers
  5 deep elf pyromancers
  An oklob plant (Lair:4)
  3 manticores
  4 large abominations
  Maurice (D:12)
  A salamander (Gauntlet)
  18 elephants
  A rust devil (Abyss:3)
  4 black mambas
  A water nymph (Orc:1)
  A smoke demon (Abyss:3)
  An orange demon (Abyss:3)
  An apocalypse crab (Abyss:2)
  A gargoyle (D:13)
  8 cane toads
  Maggie (D:10)
  A nameless horror (Orc:1)
  5 komodo dragons
  2 torpor snails
  Psyche (D:10)
  A kobold demonologist (D:10)
  A rime drake (shapeshifter) (D:15)
  5 rime drakes
  3 yaktaurs (D:14)
  An efreet (D:10)
  A tengu conjurer (D:14)
  11 polar bears (Lair:5)
  2 hornets
  10 trolls
  11 raiju
  2 meliai (Gauntlet)
  An ettin zombie (Abyss:2)
  10 blink frogs (Lair:5)
  12 dream sheep
  6 slime creatures
  2 flying skulls (Abyss:2)
  3 shadows
  A spriggan (shapeshifter) (D:10)
  2 wraiths
  A spriggan skeleton (D:15)
  13 wyverns
  14 vampire mosquitoes
  64 yaks
  7 basilisks
  3 fire elementals (D:13)
  A neqoxec (Abyss:3)
  4 steam dragons
  A chaos spawn (Abyss:2)
  12 wargs
  3 nagas (Lair:3)
  2 small abominations (Abyss:2)
  Edmund (D:6)
  Duvessa (D:7)
  2 acid dragons
  15 water moccasins
  17 hell hounds
  55 orc warriors
  3 ice beasts
  2 sky beasts
  11 black bears
  17 ogres
  22 wolves
  5 centaurs
  A phantom (D:7)
  6 kobold brigands
  2 gnoll sergeants
  10 bullfrogs
  5 scorpions
  5 wights
  Dowan (D:7)
  8 killer bees
  An electric eel (Lair:5)
  13 howler monkeys
  A quasit (Abyss:3)
  11 jellies
  A gnoll bouda (D:8)
  46 orc priests
  5 hounds
  3 iguanas
  21 orc wizards
  18 gnolls
  7 adders
  2 shadow imps
  A white imp (D:7)
  4 ufetubi
  2 dart slugs
  4 worms
  111 orcs
  13 ball pythons
  4 bats
  14 endoplasms
  12 giant cockroaches
  9 goblins
  8 hobgoblins
  8 jackals
  19 kobolds
  9 quokkas
  19 frilled lizards
  6 rats
940 creatures vanquished.

Vanquished Creatures (collateral kills)
  A two-headed ogre (D:8)
  A death yak (D:9)
  A storm dragon zombie (D:15)
  2 skysharks
  2 ugly things (D:14)
  2 cyclopes (D:8)
  3 elephants
  A komodo dragon (Lair:5)
  An ancient zyme (Abyss:3)
  A polar bear (Lair:5)
  A hornet (shapeshifter) (D:2)
  2 vampires (D:10)
  10 yaks
  2 water moccasins
  A black bear (Lair:5)
  4 orc warriors
  An ogre (D:6)
  3 wolves
  A kobold brigand (D:8)
  A gnoll sergeant (D:10)
  A scorpion (D:6)
  A wight (D:10)
  A killer bee (D:8)
  2 howler monkeys
  2 jellies (Lair:5)
  An orc wizard (D:6)
  11 orcs
  2 goblins
  A hobgoblin (Bailey)
  A jackal (D:2)
  3 kobolds
67 creatures vanquished.

Vanquished Creatures (others)
  A yak (D:9)
  An orc priest (D:9)
  An orc wizard (D:13)
  6 orcs
  An orc zombie (D:5)
  A lurking horror (Abyss:2)
  2 starspawn tentacles (Abyss:2)
13 creatures vanquished.

Grand Total: 1020 creatures vanquished

Notes
Turn   | Place    | Note
-------+----------+-------------------------------------------
     0 | D:1      | Xavori the Djinni Chaos Knight began the quest for the Orb.
     0 | D:1      | Reached XP level 1. HP: 20/20 MP: 0/0
    52 | D:1      | Reached XP level 2. HP: 25/25 MP: 0/0
   134 | D:1      | XOM: potion effect (curing)
   286 | D:1      | Found a faded altar of an unknown god.
   290 | D:1      | Reached XP level 3. HP: 30/30 MP: 0/0
   290 | D:1      | Learned a level 1 spell: Summon Small Mammal
   297 | D:1      | XOM: silly message
   610 | D:1      | Found The Oracle's Delphic Readings.
   848 | D:1      | XOM: summons 2 hostile demons
  1160 | D:1      | XOM: give mutations
  1160 | D:1      | Gained mutation: You are robust. (+10% HP) [Xom's mischief]
  1160 | D:1      | Gained mutation: You are weak. (Str -2) [Xom's mischief]
  1486 | D:1      | XOM: summons 2 hostile demons
  1536 | D:2      | XOM: cloud trail
  2307 | D:1      | XOM: god gift: book of Vapours
  2346 | D:1      | XOM: cloud trail
  2438 | D:1      | XOM: cloud trail
  3714 | D:1      | XOM: cloud trail
  3771 | D:1      | XOM: god gift: 21 gold pieces
  3865 | D:1      | XOM is BORED!
  3865 | D:1      | XOM: give mutations
  3865 | D:1      | Gained mutation: You are clumsy. (Dex -2) [Xom's mischief]
  3865 | D:1      | Gained mutation: You have a pair of small antennae on your
                  | head. [Xom's mischief]
  4301 | D:1      | XOM: scenery: 2 doors open, 2 doors close
  4992 | D:1      | XOM: 4-stop teleportation journey
  5242 | D:1      | XOM: give mutations
  5242 | D:1      | Gained mutation: You are very robust. (+20% HP) [Xom's
                  | grace]
  5242 | D:1      | Gained mutation: You possess an exceptional clarity of
                  | mind. [Xom's grace]
  5242 | D:1      | Gained mutation: You have hidden genetic potential. [Xom's
                  | grace]
  5242 | D:1      | Gained mutation: You expend health (3 HP) to strengthen
                  | your wands. [Xom's grace]
  5323 | D:1      | XOM: scenery: 1 doors open, 3 doors close
  5879 | D:2      | XOM: cast spell 'Death Channel'
  5989 | D:2      | Reached XP level 4. HP: 37/42 MP: 0/0
  6009 | D:2      | a gnoll changed into a shapeshifter
  6009 | D:2      | Noticed a shapeshifter (shapeshifter)
  6009 | D:2      | a shapeshifter changed into a black bear
  6009 | D:2      | Noticed a black bear (shapeshifter)
  6010 | D:2      | XOM: polymorph gnoll -> goblin
  6014 | D:2      | XOM: divination: detect items
  6017 | D:2      | XOM: summons 2 friendly demons
  6018 | D:2      | a black bear changed into a hornet
  6018 | D:2      | Noticed a hornet (shapeshifter)
  6027 | D:2      | Killed a hornet
  6028 | D:2      | Reached skill level 1 in Spellcasting
  6028 | D:2      | Reached skill level 1 in Conjurations
  6028 | D:2      | Reached skill level 1 in Hexes
  6028 | D:2      | Reached skill level 1 in Summonings
  6028 | D:2      | Reached skill level 1 in Necromancy
  6028 | D:2      | Reached skill level 1 in Translocations
  6028 | D:2      | Reached skill level 1 in Transmutations
  6028 | D:2      | Reached skill level 1 in Fire Magic
  6028 | D:2      | Reached skill level 1 in Ice Magic
  6028 | D:2      | Reached skill level 1 in Air Magic
  6028 | D:2      | Reached skill level 1 in Earth Magic
  6028 | D:2      | Reached skill level 1 in Poison Magic
  6028 | D:2      | Reached XP level 5. HP: 14/49 MP: 0/0
  6028 | D:2      | Learned a level 2 spell: Passwall
  6028 | D:2      | Reached XP level 6. HP: 16/56 MP: 0/0
  6035 | D:2      | Gained mutation: You passively dampen the noise of your
                  | surroundings. [hidden potential]
  6194 | D:2      | Found a shadowy altar of Dithmenos.
  6431 | D:2      | XOM: give mutations
  6431 | D:2      | Gained mutation: You have great hidden genetic potential.
                  | [Xom's grace]
  6431 | D:2      | Gained mutation: You are extremely robust. (+30% HP) [Xom's
                  | grace]
  6431 | D:2      | Lost mutation: You are weak. (Str -2) [Xom's grace]
  6474 | D:2      | You are sucked into a shaft and drop 2 floors!
  6598 | D:4      | Found Xiodwal's Book Shoppe.
  6618 | D:4      | Found a runed translucent gate.
  6618 | D:4      | Found a runed translucent gate.
  6626 | D:4      | Found a runed translucent gate.
  6627 | D:4      | Noticed Firecrotchwizard's ghost (amateur MfSh)
  6627 | D:4      | Noticed DocClef's ghost (amateur TrSh)
  6780 | D:3      | XOM: divination: detect items
  6789 | D:3      | Reached XP level 7. HP: 11/67 MP: 0/0
  6789 | D:3      | Learned a level 2 spell: Wereblood
  6981 | D:3      | XOM: god gift: wand of roots (4)
  7068 | D:3      | XOM: god gift: 2 scrolls labelled JYITAJ FEMO {god gift}
  7180 | D:3      | Found a glowing drain.
  7205 | Sewer    | Entered a sewer
  7372 | Sewer    | XOM: 1-stop teleportation journey
  7420 | Sewer    | Gained mutation: Your movements are slightly less
                  | encumbered by armour. (ER -2) [hidden potential]
  7420 | Sewer    | Lost mutation: You have great hidden genetic potential.
                  | [hidden potential expressed]
  7538 | Sewer    | XOM: divination: detect items
  7544 | Sewer    | XOM: enchant monster (good)
  7567 | Sewer    | XOM: god gift: 453 gold pieces
  7622 | Sewer    | XOM: noise
  7702 | D:3      | XOM: 4-stop teleportation journey
  8128 | D:4      | Found an ornate altar of the Wu Jian Council.
  8231 | D:4      | XOM: potion effect (attraction)
  8291 | D:4      | XOM: silly message
  8414 | D:4      | XOM: summons 1 hostile demon
  8606 | D:4      | Reached XP level 8. HP: 65/75 MP: 0/0
  8854 | D:5      | Entered Level 5 of the Dungeon
  8904 | D:5      | Found a staircase to the Ecumenical Temple.
  8986 | D:5      | Gained mutation: Your mind is acute. (Int +4, Str/Dex -1)
                  | [hidden potential]
  9208 | D:5      | Found a glowing golden altar of the Shining One.
  9294 | D:5      | XOM: give mutations
  9294 | D:5      | Gained mutation: You are partially covered in iridescent
                  | scales. (AC +2) [Xom's grace]
  9294 | D:5      | Gained mutation: Your muscles are strong. (Str +4, Int/Dex
                  | -1) [Xom's grace]
  9294 | D:5      | Lost mutation: You have hidden genetic potential. [Xom's
                  | grace]
  9294 | D:5      | Gained mutation: You are somewhat resistant to further
                  | mutation. [Xom's grace]
  9387 | D:5      | XOM: summons 4 friendly demons
  9392 | D:5      | Reached skill level 5 in Fighting
  9473 | D:5      | Found a broken altar of Ashenzari.
  9484 | D:5      | Reached skill level 5 in Dodging
  9858 | D:5      | XOM: scenery: create altars
 10120 | D:6      | XOM: swap monsters
 10132 | D:6      | XOM: cast spell 'Call Canine Familiar'
 10238 | D:6      | Reached XP level 9. HP: 84/84 MP: 0/0
 10238 | D:6      | Learned a level 4 spell: Summon Lightning Spire
 10262 | D:6      | Reached skill level 5 in Long Blades
 10339 | D:6      | XOM: give mutations
 10339 | D:6      | Lost mutation: You have a pair of small antennae on your
                  | head. [Xom's mischief]
 10339 | D:6      | Lost mutation: You possess an exceptional clarity of mind.
                  | [Xom's mischief]
 10618 | D:6      | Noticed Edmund
 10637 | D:6      | Killed Edmund
 10638 | D:6      | Reached skill level 5 in Armour
 11017 | D:6      | Found a white marble altar of Elyvilon.
 11081 | D:6      | Found a burning altar of Makhleb.
 11170 | D:7      | Noticed Dowan
 11172 | D:7      | Noticed Duvessa
 11184 | D:7      | XOM: 1-stop teleportation journey
 11207 | D:7      | XOM: swap monsters
 11477 | D:7      | Killed Duvessa
 11489 | D:7      | Killed Dowan
 11739 | D:7      | XOM: 4-stop teleportation journey
 11784 | D:7      | XOM: give mutations
 11784 | D:7      | Gained mutation: You have a pair of small horns on your
                  | head. [Xom's grace]
 11784 | D:7      | Gained mutation: Your natural rate of healing is unusually
                  | fast. [Xom's grace]
 11824 | D:7      | XOM: scenery: summon butterflies
 11830 | D:7      | Reached XP level 10. HP: 88/93 MP: 0/0
 11851 | D:7      | Found an iron altar of Okawaru.
 11887 | D:7      | Found a shadowy altar of Dithmenos.
 11929 | D:7      | XOM: 1-stop teleportation journey
 12204 | D:7      | XOM: cleaving
 12210 | D:7      | XOM: confuse monster(s)
 12220 | D:7      | Reached skill level 5 in Spellcasting
 12220 | D:7      | Reached skill level 5 in Conjurations
 12220 | D:7      | Reached skill level 5 in Hexes
 12220 | D:7      | Reached skill level 5 in Summonings
 12220 | D:7      | Reached skill level 5 in Necromancy
 12220 | D:7      | Reached skill level 5 in Translocations
 12220 | D:7      | Reached skill level 5 in Transmutations
 12220 | D:7      | Reached skill level 5 in Fire Magic
 12220 | D:7      | Reached skill level 5 in Ice Magic
 12220 | D:7      | Reached skill level 5 in Air Magic
 12220 | D:7      | Reached skill level 5 in Earth Magic
 12220 | D:7      | Reached skill level 5 in Poison Magic
 12623 | D:8      | XOM: cast spell 'Alistair's Intoxication'
 12832 | D:8      | Found a snail-covered altar of Cheibriados.
 12905 | D:8      | XOM: 4-stop teleportation journey
 13126 | D:8      | XOM: summons 5 hostile demons
 13139 | D:8      | XOM: blink monster(s)
 13174 | D:8      | Noticed a two-headed ogre
 13184 | D:8      | XOM: potion effect (invisibility)
 13185 | D:8      | XOM: summons friendly quasit
 13196 | D:8      | Killed a two-headed ogre
 13197 | D:8      | Reached XP level 11. HP: 54/102 MP: 0/0
 13197 | D:8      | Learned a level 4 spell: Flame Wave
 13210 | D:8      | XOM: god gift: javelin
 13318 | D:8      | Noticed a cyclops
 13332 | D:8      | Killed a cyclops
 13403 | D:8      | Noticed a cyclops
 13414 | D:8      | XOM: confuse monster(s)
 13415 | D:8      | Killed a cyclops
 13784 | D:9      | XOM: give mutation
 13784 | D:9      | Gained mutation: Your flesh is almost immune to the effects
                  | of heat. (rF+++) [Xom's grace]
 13985 | D:9      | XOM: potion effect (heal wounds)
 13991 | D:9      | XOM: divine lightning
 14064 | D:9      | Found a staircase to the Orcish Mines.
 14240 | D:9      | XOM: scenery: 2 doors close
 14247 | D:9      | XOM: divine lightning
 14253 | D:9      | a yak changed into a glowing shapeshifter
 14253 | D:9      | Noticed a glowing shapeshifter (glowing shapeshifter)
 14253 | D:9      | XOM: polymorph yak -> glowing shapeshifter
 14253 | D:9      | a glowing shapeshifter changed into a merfolk
 14255 | D:9      | XOM: summons 6 friendly demons
 14256 | D:9      | a guardian serpent changed into a harpy
 14256 | D:9      | Noticed a harpy (glowing shapeshifter)
 14258 | D:9      | Killed a harpy
 14314 | D:9      | XOM: polymorph wyvern -> acid dragon
 14325 | D:9      | Found a sparkling altar of Nemelex Xobeh.
 14329 | D:9      | XOM: 2-stop teleportation journey
 14445 | D:9      | XOM: summons friendly ufetubus
 14457 | D:9      | XOM: fog
 14471 | D:9      | XOM: scenery: create altars
 14544 | D:9      | XOM: scenery: 1 doors close
 14633 | D:10     | Identified the of Waphol
 14633 | D:10     | Entered Level 10 of the Dungeon
 14644 | D:10     | Noticed a two-headed ogre
 14657 | D:10     | Killed a two-headed ogre
 14658 | D:10     | Reached XP level 12. HP: 89/114 MP: 0/0
 14760 | D:10     | XOM: enchant monster (good)
 14772 | D:10     | XOM: enchant monster (good)
 14776 | D:10     | XOM: cast spell 'Summon Hydra'
 14780 | D:10     | Noticed Psyche
 14793 | D:10     | Killed Psyche
 14797 | D:10     | Noticed Maggie
 14797 | D:10     | XOM: 8-stop teleportation journey
 14816 | D:10     | XOM: summons friendly neqoxec
 14821 | D:10     | Killed Maggie
 14848 | D:10     | Found a flagged portal.
 14859 | Bailey   | Entered a bailey
 15006 | Bailey   | XOM: god gift: amulet of faith
 15059 | Bailey   | XOM: scenery: 1 doors close
 15300 | D:10     | XOM: polymorph yak -> hornet
 15414 | D:10     | Noticed a skeletal warrior
 15417 | D:10     | XOM: enchant monster (good)
 15436 | D:10     | XOM: divination: detect items
 15439 | D:10     | Noticed a catoblepas
 15455 | D:10     | XOM: cleaving
 15459 | D:10     | a catoblepas changed into a death yak
 15459 | D:10     | Noticed a death yak
 15459 | D:10     | XOM: polymorph catoblepas -> death yak
 15554 | D:9      | Killed a death yak
 15587 | D:9      | Killed a skeletal warrior
 15870 | D:10     | XOM: confuse monster(s)
 15975 | D:10     | XOM: god gift: +5 triple sword of holy wrath
 15994 | D:10     | Reached XP level 13. HP: 115/122 MP: 0/0
 15994 | D:10     | Learned a level 5 spell: Metabolic Englaciation
 16001 | D:10     | Reached skill level 10 in Dodging
 16001 | D:10     | XOM: give mutations
 16001 | D:10     | Gained mutation: You have supernaturally acute eyesight.
                  | (SInv) [Xom's grace]
 16001 | D:10     | Gained mutation: Your muscles are very strong. (Str +8,
                  | Int/Dex -2) [Xom's grace]
 16001 | D:10     | Gained mutation: You have a somewhat thin skeletal
                  | structure. (Dex +2, Stealth+) [Xom's grace]
 16102 | D:10     | Identified the amulet "Sacsinte" {Faith rF+}
 16220 | D:11     | XOM: chaos upgrade
 16606 | D:11     | Found a staircase to the Lair.
 16734 | D:11     | Found a portal to a secret trove of treasure.
 16906 | D:11     | XOM: god gift: 31 gold pieces
 16969 | D:11     | XOM: give mutations
 16969 | D:11     | Gained mutation: You have very sharp teeth. [Xom's grace]
 16969 | D:11     | Gained mutation: You have sharp fingernails. [Xom's grace]
 16975 | D:11     | Identified a scroll of acquirement
 16976 | D:11     | Acquired the +3 hat "Cad Just" {+Inv Int+4}
 16981 | D:11     | XOM: give mutations
 16981 | D:11     | Gained mutation: You heal very quickly. [Xom's grace]
 16981 | D:11     | Gained mutation: You have a pair of horns on your head.
                  | [Xom's grace]
 16981 | D:11     | Gained mutation: You are mostly covered in iridescent
                  | scales. (AC +4) [Xom's grace]
 16981 | D:11     | Gained mutation: Your spells are a little harder to cast,
                  | but a little more powerful. [Xom's grace]
 16984 | Lair:1   | Entered Level 1 of the Lair of Beasts
 17029 | Lair:1   | XOM: summons 4 friendly demons
 17033 | Lair:1   | XOM: polymorph shadow imp -> cerulean imp
 17135 | Lair:1   | XOM: divination: magic mapping
 17137 | Lair:1   | Reached skill level 1 in Shapeshifting
 17197 | Lair:1   | XOM: smoke on damage
 17327 | Lair:1   | XOM: cleaving
 17346 | Lair:1   | Found a sparkling altar of Nemelex Xobeh.
 17398 | Lair:1   | XOM: fog
 17402 | Lair:1   | XOM: god gift: wand of mindburst (12)
 17541 | Lair:1   | XOM: god gift: potion of might
 17744 | Gauntlet | Identified the "Tymuba Awiyg"
 17744 | Lair:2   | Found a staircase to the Shoals.
 17801 | Lair:2   | XOM: god gift: +1 hat
 17843 | Lair:2   | Reached skill level 10 in Fighting
 17859 | Lair:2   | Reached skill level 1 in Evocations
 17860 | Lair:2   | XOM: 1-stop teleportation journey
 17949 | Lair:2   | XOM: snakes to sticks
 17951 | Lair:2   | XOM: 1-stop teleportation journey
 18047 | Lair:2   | XOM: 1-stop teleportation journey
 18097 | Lair:2   | XOM: snakes to sticks
 18106 | Lair:2   | XOM: divination: detect creatures
 18109 | Lair:2   | XOM: divine lightning
 18150 | Lair:2   | XOM: give mutations
 18150 | Lair:2   | Lost mutation: You are extremely robust. (+30% HP) [Xom's
                  | mischief]
 18150 | Lair:2   | Lost mutation: You have sharp fingernails. [Xom's mischief]
 18150 | Lair:2   | Lost mutation: Your flesh is almost immune to the effects
                  | of heat. (rF+++) [Xom's mischief]
 18150 | Lair:2   | Lost mutation: You are mostly covered in iridescent scales.
                  | (AC +4) [Xom's mischief]
 18212 | Lair:2   | Found a gate leading to a gauntlet.
 18223 | Gauntlet | Entered a Gauntlet
 18223 | Gauntlet | Found a transporter.
 18224 | Gauntlet | Acquired the ring of Umpiuhir {rN++ rCorr}
 18226 | Gauntlet | XOM: give mutations
 18226 | Gauntlet | Lost mutation: You have supernaturally acute eyesight.
                  | (SInv) [Xom's mischief]
 18226 | Gauntlet | Lost mutation: Your muscles are very strong. (Str +8,
                  | Int/Dex -2) [Xom's mischief]
 18236 | Gauntlet | Found a transporter.
 18240 | Gauntlet | Noticed a great orb of eyes
 18257 | Gauntlet | Found a transporter.
 18258 | Gauntlet | Found a transporter.
 18278 | Gauntlet | Found a transporter.
 18291 | Gauntlet | Found a transporter.
 18305 | Gauntlet | Found a transporter.
 18334 | Gauntlet | Found a transporter.
 18334 | Gauntlet | Found a transporter.
 18339 | Gauntlet | Found a transporter.
 18372 | Gauntlet | Found a transporter.
 18372 | Gauntlet | Found a transporter.
 18463 | Gauntlet | Noticed a four-headed hydra
 18478 | Gauntlet | XOM: summons 7 hostile demons
 18488 | Gauntlet | XOM: noise
 18494 | Gauntlet | Identified the ring of Esocic {Fly rElec rF- rC+ Stlth+}
 18494 | Gauntlet | XOM: repel stairs
 18495 | Gauntlet | XOM: cleaving
 18498 | Gauntlet | XOM: confusion (+ monsters)
 18499 | Gauntlet | XOM: polymorph brown ugly thing -> cyan ugly thing
 18501 | Gauntlet | XOM: confusion
 18550 | Gauntlet | XOM: draining
 18553 | Gauntlet | XOM: polymorph meliai -> salamander
 18556 | Gauntlet | XOM: confusion
 18557 | Gauntlet | XOM: chaos upgrade
 18635 | Gauntlet | Identified the +0 cloak of the Golden Catamount {rPois rC-
                  | Str+2 Stlth+}
 18655 | Gauntlet | XOM: summons 7 hostile demons
 18724 | Gauntlet | Identified the +7 broad axe "Sekoer" {freeze, rF+ Str+4}
 18724 | Gauntlet | Identified the amulet "Ziomidd" {Spirit rN++ Int+2}
 18724 | Gauntlet | Noticed a minotaur
 18726 | Gauntlet | XOM: potion effect (heal wounds)
 18728 | Gauntlet | XOM: confusion (+ monsters)
 18733 | Gauntlet | XOM: divination: magic mapping
 18761 | Gauntlet | Identified the +1 leather armour of Day {Rampage}
 19131 | Lair:2   | XOM: divination: detect items
 19242 | Lair:3   | XOM: potion effect (berserk rage)
 19280 | Lair:3   | XOM: potion effect (haste)
 19298 | Lair:3   | Reached skill level 10 in Long Blades
 19298 | Lair:3   | Reached XP level 14. HP: 114/123 MP: 0/0
 19387 | Lair:3   | XOM: cast spell 'Call Canine Familiar'
 19389 | Lair:3   | XOM: summons 4 hostile demons
 19517 | Lair:3   | XOM: blink monster(s)
 19634 | Lair:3   | XOM: summons friendly ufetubus
 19643 | Lair:3   | XOM: summons 6 friendly demons
 19692 | Lair:3   | Found a sparkling altar of Nemelex Xobeh.
 19764 | Lair:3   | XOM: give mutations
 19764 | Lair:3   | Lost mutation: Your mind is acute. (Int +4, Str/Dex -1)
                  | [Xom's mischief]
 19764 | Lair:3   | Lost mutation: You have very sharp teeth. [Xom's mischief]
 20031 | Lair:3   | Found a staircase to the Snake Pit.
 20034 | Lair:3   | XOM: fog
 20041 | Lair:3   | Reached skill level 10 in Armour
 20149 | Lair:4   | XOM: blink monster(s)
 20158 | Lair:4   | a boulder beetle changed into a bunyip
 20158 | Lair:4   | Noticed a bunyip
 20158 | Lair:4   | XOM: polymorph boulder beetle -> bunyip
 20241 | Lair:4   | XOM: cleaving
 20289 | Lair:4   | XOM: summons 8 hostile demons
 20345 | Lair:4   | XOM: 4-stop teleportation journey
 20354 | Lair:4   | XOM: enchant monster (bad)
 20365 | Lair:4   | XOM: silly message
 20376 | Lair:4   | XOM: cast spell 'Dispersal'
 20380 | Lair:4   | XOM: enchant monster (good)
 20389 | Lair:4   | XOM: scenery: summon butterflies
 20509 | Lair:4   | XOM: enchant monster (good)
 20520 | Lair:4   | XOM: polymorph elephant -> manticore
 20524 | Lair:4   | XOM: summons 2 friendly demons
 20525 | Lair:4   | XOM: cast spell 'Dispersal'
 20529 | Lair:4   | XOM: summons 6 friendly demons
 20809 | Lair:4   | Killed a bunyip
 20915 | Lair:4   | XOM: summons 2 friendly demons
 20920 | Lair:4   | XOM: cleaving
 21000 | Lair:4   | XOM: destruction
 21434 | Lair:5   | Entered Level 5 of the Lair of Beasts
 21538 | Lair:5   | XOM: god gift: wand of roots (3)
 21579 | Lair:5   | XOM: cast spell 'Alistair's Intoxication'
 21589 | Lair:5   | XOM: silly message
 21590 | Lair:5   | XOM: confuse monster(s)
 21595 | Lair:5   | XOM: potion effect (might)
 21624 | Lair:5   | Reached XP level 15. HP: 130/130 MP: 0/0
 21624 | Lair:5   | Learned a level 6 spell: Summon Cactus Giant
 21678 | Lair:5   | Found a staircase to the Slime Pits.
 21757 | Lair:5   | XOM: potion effect (invisibility)
 21825 | Lair:5   | XOM: noise
 21828 | Lair:5   | Noticed Sonja
 21840 | Abyss:2  | Cast into level 2 of the Abyss (Sonja)
 21889 | Abyss:2  | XOM: silly message
 21944 | Abyss:2  | Found a corrupted altar of Lugonu.
 21950 | Abyss:2  | Found a corrupted altar of Lugonu.
 22026 | Abyss:2  | XOM: summons 3 friendly demons
 22030 | Abyss:2  | XOM: confuse monster(s)
 22031 | Abyss:2  | Found a corrupted altar of Lugonu.
 22036 | Abyss:2  | Found a hazy altar of Hepliaklqana.
 22150 | Abyss:2  | Found a corrupted altar of Lugonu.
 22152 | Abyss:2  | XOM: summons 8 hostile demons
 22162 | Abyss:2  | XOM: cleaving
 22167 | Abyss:2  | XOM: fake destruction
 22177 | Abyss:2  | XOM: divination: detect items
 22189 | Abyss:2  | XOM: silly message
 22200 | Abyss:2  | XOM: fog
 22208 | Abyss:2  | Noticed a bone dragon
 22234 | Abyss:2  | XOM: silly message
 22242 | Abyss:2  | XOM: potion effect (brilliance)
 22250 | Abyss:2  | XOM: noise
 22251 | Abyss:2  | Killed a bone dragon
 22322 | Abyss:2  | Noticed a tentacled starspawn
 22328 | Abyss:2  | XOM: enchant monster (good)
 22338 | Abyss:2  | Killed a tentacled starspawn
 22341 | Lair:5   | Escaped the Abyss
 22351 | Lair:5   | Killed Sonja
 22352 | Lair:5   | Reached skill level 5 in Evocations
 22361 | Lair:5   | XOM: polymorph cane toad -> basilisk
 22414 | Lair:5   | XOM: blink monster(s)
 22433 | Lair:5   | XOM: enchant monster (good)
 22444 | Lair:5   | XOM: noise
 22580 | Lair:5   | XOM: destruction
 22840 | Lair:5   | XOM: silly message
 22882 | Lair:5   | XOM: cast spell 'Death Channel'
 22884 | Lair:5   | XOM: smoke on damage
 22904 | Lair:5   | XOM: summons friendly shadow imp
 22912 | Lair:5   | XOM: cast spell 'Cause Fear'
 23001 | Lair:5   | Identified the +3 plate armour of Regehaon {rC+ Str-5
                  | Dex+9}
 23033 | Lair:5   | XOM: enchant monster (bad)
 23078 | Lair:5   | Reached skill level 5 in Shapeshifting
 23559 | Orc:1    | Entered Level 1 of the Orcish Mines
 23564 | Orc:1    | XOM: enchant monster (good)
 23574 | Orc:1    | XOM: noise
 23620 | Orc:1    | XOM: scenery: create altars
 23661 | Orc:1    | XOM: 1-stop teleportation journey
 23770 | Orc:1    | XOM: blink monster(s)
 23828 | Orc:1    | Noticed an orc warlord
 23843 | Orc:1    | XOM: swap monsters
 23855 | Orc:1    | XOM: chaos upgrade
 23881 | Orc:1    | XOM: torment (81/133 hp)
 23889 | Orc:1    | Reached XP level 16. HP: 91/140 MP: 0/0
 23894 | Orc:1    | XOM: silly message
 23952 | Orc:1    | XOM: give mutation
 23952 | Orc:1    | Lost mutation: You are very robust. (+20% HP) [Xom's
                  | mischief]
 23964 | Orc:1    | XOM: polymorph orc sorcerer -> water nymph
 23969 | Orc:1    | Identified the +2 scimitar of Skirmishing {heavy, rElec
                  | rCorr Int+3 Dex+5}
 24019 | Orc:1    | XOM: summons 1 hostile shadow creature
 24155 | Orc:1    | XOM: silly message
 24232 | Orc:2    | Entered Level 2 of the Orcish Mines
 24272 | Orc:2    | XOM: divination: magic mapping
 24454 | Orc:2    | Found Mamuugye's Antique Armour Boutique.
 24458 | Orc:2    | XOM: confusion (+ monsters)
 24460 | Orc:2    | XOM: cast spell 'Summon Small Mammal'
 24462 | Orc:2    | XOM: enchant monster (good)
 24558 | Orc:2    | XOM: cast spell 'Call Canine Familiar'
 24559 | Orc:2    | XOM: blink monster(s)
 24571 | Orc:2    | XOM: swap monsters
 24616 | Orc:2    | XOM: fake destruction
 24619 | Orc:2    | Found Eloxubum's Weapon Shoppe.
 24621 | Orc:2    | XOM: confusion (+ monsters)
 24623 | Orc:2    | XOM: confuse monster(s)
 24631 | Orc:2    | XOM: 1-stop teleportation journey
 24645 | Orc:2    | XOM: 2-stop teleportation journey
 24696 | Orc:2    | XOM: noise
 24707 | Orc:2    | XOM: scenery: summon butterflies
 24768 | Orc:2    | Reached skill level 10 in Spellcasting
 24768 | Orc:2    | Reached skill level 10 in Conjurations
 24768 | Orc:2    | Reached skill level 10 in Hexes
 24768 | Orc:2    | Reached skill level 10 in Summonings
 24768 | Orc:2    | Reached skill level 10 in Necromancy
 24768 | Orc:2    | Reached skill level 10 in Translocations
 24768 | Orc:2    | Reached skill level 10 in Transmutations
 24768 | Orc:2    | Reached skill level 10 in Fire Magic
 24768 | Orc:2    | Reached skill level 10 in Ice Magic
 24768 | Orc:2    | Reached skill level 10 in Air Magic
 24768 | Orc:2    | Reached skill level 10 in Earth Magic
 24768 | Orc:2    | Reached skill level 10 in Poison Magic
 24798 | Orc:2    | XOM: noise
 24967 | Orc:2    | Found a staircase to the Elven Halls.
 25122 | Orc:2    | XOM: 1-stop teleportation journey
 25166 | Orc:2    | XOM: fake destruction
 25263 | Orc:2    | XOM: silly message
 25403 | Orc:2    | XOM: give mutation
 25403 | Orc:2    | Lost mutation: You heal very quickly. [Xom's mischief]
 25405 | Orc:2    | Found Nunip's Weapon Emporium.
 25481 | Orc:2    | Found Cimog's Armour Shoppe.
 25712 | Orc:2    | XOM: enchant monster (bad)
 25713 | Orc:2    | XOM: give mutations
 25713 | Orc:2    | Lost mutation: Your movements are slightly less encumbered
                  | by armour. (ER -2) [Xom's mischief]
 25713 | Orc:2    | Lost mutation: You expend health (3 HP) to strengthen your
                  | wands. [Xom's mischief]
 25713 | Orc:2    | Gained mutation: You occasionally lose the ability to drink
                  | potions when taking damage. [Xom's mischief]
 25854 | Orc:2    | XOM: noise
 25915 | D:12     | XOM: stealth player
 26033 | D:12     | Identified the +10 war axe of the Sneaky Xeniums {freeze,
                  | rElec rC+++ MP+9 Str-2}
 26059 | D:12     | XOM: summons 2 hostile demons
 26160 | D:12     | Noticed Maurice
 26169 | D:12     | Maurice stole a ring of protection from fire
 26173 | D:12     | Something stole a granite talisman
 26174 | D:12     | Something stole a +5 triple sword of holy wrath
 26177 | D:12     | Something stole 47 poisoned darts
 26178 | D:12     | XOM: smoke on damage
 26191 | D:12     | Killed Maurice
 26297 | D:12     | XOM: give mutations
 26297 | D:12     | Lost mutation: You are somewhat resistant to further
                  | mutation. [Xom's grace]
 26297 | D:12     | Gained mutation: You have hidden genetic potential. [Xom's
                  | grace]
 26297 | D:12     | Gained mutation: You expend health (3 HP) to strengthen
                  | your wands. [Xom's grace]
 26342 | D:12     | Found the +6 shillelagh "Devastator" {shatter}
 26346 | D:12     | XOM: stat loss: -1 Dex (19/20)
 26524 | D:13     | XOM: repel stairs
 26554 | D:13     | XOM: 2-stop teleportation journey
 26598 | D:13     | Noticed Azrael
 26626 | D:13     | Killed Azrael
 27080 | D:13     | XOM: summons 3 hostile demons
 27248 | D:14     | XOM: give mutations
 27248 | D:14     | Lost mutation: Your natural rate of healing is unusually
                  | fast. [Xom's mischief]
 27248 | D:14     | Gained mutation: You have a pair of large horns on your
                  | head. [Xom's mischief]
 27248 | D:14     | Lost mutation: You have a somewhat thin skeletal structure.
                  | (Dex +2, Stealth+) [Xom's mischief]
 27248 | D:14     | Lost mutation: Your spells are a little harder to cast, but
                  | a little more powerful. [Xom's mischief]
 27313 | D:14     | XOM: noise
 27314 | D:14     | XOM: blink monster(s)
 27490 | D:14     | XOM: summons 1 hostile shadow creature
 27527 | D:14     | Reached XP level 17. HP: 110/135 MP: 0/0
 27527 | D:14     | Learned a level 6 spell: Conjure Ball Lightning
 27532 | D:14     | XOM: polymorph white ugly thing -> brown ugly thing
 27708 | D:14     | Found a gate to the Vaults.
 27709 | D:14     | XOM: swap monsters
 27891 | D:14     | XOM: summons 4 hostile demons
 28006 | D:14     | XOM: 2-stop teleportation journey
 28058 | D:14     | XOM: torment (82/135 hp)
 28279 | D:14     | XOM: stat loss: -1 Int (12/13)
 28281 | D:14     | XOM: chaos cloud
 28509 | D:14     | XOM: scenery: 1 doors close
 28523 | D:14     | XOM: noise
 28527 | D:14     | XOM: god gift: scimitar {god gift}
 28594 | D:14     | XOM: cleaving
 28604 | D:14     | XOM: potion effect (heal wounds)
 28623 | D:14     | XOM: give mutations
 28623 | D:14     | Gained mutation: You have great hidden genetic potential.
                  | [Xom's grace]
 28623 | D:14     | Gained mutation: Your flesh is almost immune to the effects
                  | of heat. (rF+++) [Xom's grace]
 28623 | D:14     | Gained mutation: You have supernaturally acute eyesight.
                  | (SInv) [Xom's grace]
 28738 | D:14     | XOM: scenery: create altars
 28791 | D:15     | Entered Level 15 of the Dungeon
 28872 | D:15     | Found a sparkling altar of Nemelex Xobeh.
 28981 | D:15     | Found a staircase to the Depths.
 29002 | D:15     | XOM: divination: detect creatures
 29281 | D:15     | XOM: scenery: 1 doors close
 29290 | D:14     | XOM: potion effect (haste)
 29301 | D:15     | XOM: silly message
 29302 | D:15     | XOM: potion effect (invisibility)
 29305 | D:15     | Reached skill level 1 in Shields
 29361 | D:14     | XOM: divination: detect creatures
 29702 | D:15     | XOM: potion effect (curing)
 29714 | D:15     | XOM: silly message
 29887 | D:15     | XOM: silly message
 29891 | D:15     | XOM: potion effect (curing)
 29905 | D:15     | XOM: silly message
 30020 | D:15     | XOM: cloud trail
 30082 | D:15     | XOM: potion effect (might)
 30094 | D:15     | XOM: divination: detect creatures
 30100 | D:15     | XOM: cast spell 'Summon Small Mammal'
 30101 | D:15     | XOM: noise
 30102 | D:15     | XOM: silly message
 30109 | D:15     | XOM: silly message
 30220 | D:15     | Found a runed translucent gate.
 30220 | D:15     | Found a runed translucent gate.
 30221 | D:15     | Noticed a lich
 30222 | D:15     | Noticed Fuwuuf's ghost (journeyman DsFi)
 30222 | D:15     | Noticed a lich
 30223 | D:15     | Found a runed translucent gate.
 30223 | D:15     | Noticed a lich
 30223 | D:15     | Noticed Imulidwi's ghost (journeyman OpFi)
 30236 | D:15     | XOM: enchant monster (good)
 30243 | D:15     | Killed Imulidwi's ghost
 30243 | D:15     | XOM: enchant monster (bad)
 30247 | D:15     | XOM: enchant monster (bad)
 30255 | D:15     | Killed a lich
 30255 | D:15     | XOM: confusion
 30256 | D:15     | Killed a lich
 30263 | D:15     | XOM: noise
 30265 | D:15     | Killed a lich
 30325 | Abyss:3  | Cast into level 3 of the Abyss (Xom)
 30327 | Abyss:3  | Noticed a tentacled starspawn
 30332 | Abyss:3  | XOM: summons 4 hostile demons
 30333 | Abyss:3  | XOM: blink monster(s)
 30337 | Abyss:3  | Killed a tentacled starspawn
 30364 | Abyss:3  | XOM: give mutation
 30364 | Abyss:3  | Lost mutation: You are clumsy. (Dex -2) [Xom's mischief]
 30367 | Abyss:3  | XOM: torment (25/137 hp)
 30392 | Abyss:3  | XOM: cast spell 'Summon Hydra'
 30407 | Abyss:3  | XOM: smoke on damage
 30443 | Abyss:3  | Gained mutation: You are very robust. (+20% HP) [hidden
                  | potential]
 30614 | Abyss:3  | XOM: noise
 30633 | Abyss:3  | XOM: enchant monster (bad)
 30664 | Abyss:3  | XOM: swap monsters
 30833 | Abyss:3  | XOM: draining
 30836 | Abyss:3  | XOM: potion effect (brilliance)
 30854 | Abyss:3  | XOM: potion effect (heal wounds)
 30858 | Abyss:3  | XOM: silly message
 30860 | Abyss:3  | XOM: potion effect (brilliance)
 30865 | Abyss:3  | Paralysed by accursed screaming for 1 turns
 30872 | Abyss:3  | XOM: noise
 30877 | Abyss:3  | XOM: cast spell 'Leda's Liquefaction'
 30878 | Abyss:3  | XOM: divination: detect items
 30879 | Abyss:3  | XOM: noise
 30881 | Abyss:3  | XOM: polymorph orange demon -> rust devil
 30884 | Abyss:3  | Gained mutation: You sometimes lose the ability to drink
                  | potions when taking damage. [a neqoxec]
 30885 | Abyss:3  | XOM: summons 2 hostile demons
 30887 | Abyss:3  | XOM: noise
 30890 | Abyss:3  | XOM: summons 2 hostile shadow creatures
 30895 | Abyss:3  | Killed from afar by a starcursed mass

Illustrated notes

Levels and vault maps discovered:
D:1:      minmay_arrival_up_and_down, layout_basic,
          shapermc_ecumenical_altar_gd, nicolae_nh_oracle_at_delphi
D:2:      layout_loops_ring, basic_altar, glass_columns_a
D:3:      layout_loops_cross, portal_sewer_entry_f, nicolae_elevator_lobby_plus
D:4:      layout_basic, mainiacjoe_overflow_tiny_flanked, serial_shops,
          kennysheep_little_box, gammafunk_ghost_cemetery,
          minmay_misc_feat_tower, corner_web_ring,
          nicolae_houndstooth_variations
D:5:      layout_basic, evilmike_ruin_ashenzari, tso_oasis_becter,
          mainiacjoe_overflow_brackets, minmay_temple_entry_gardened_gates,
          minmay_misc_feat_more_columns
D:6:      hellmonk_crumbling_castle, layout_cave_pools,
          nicolae_elyvilon_temple_path, mainiacjoe_overflow_alcove_1,
          uniq_edmund
D:7:      layout_cave_pools, mainiacjoe_overflow_alcove_4, kennysheep_mini,
          serial_co_window_serial, co_window_corner_a, co_window_paths_b,
          co_window_paths_a, co_window_corner_a, co_window_corner_a,
          co_window_corner_a, co_window_paths_a, co_window_paths_a,
          co_window_paths_b, co_window_2corner, co_window_paths_c,
          co_window_of_opportunity_b, co_window_4corner_a, glass_columns_a,
          uniq_duvessa
D:8:      nzn_winding_woodlands_three_and_one
          [nzn_winding_woodlands_5x15_river_crossing,
          nzn_winding_woodlands_5x15_jagged, nzn_winding_woodlands_5x15_crooked,
          nzn_winding_woodlands_center_lodge], layout_basic,
          mainiacjoe_overflow_catwalk_spiral
D:9:      layout_roguey, mainiacjoe_overflow_concentric_impassable, david_orc_4
D:10:     minmay_the_grid_3x3 [minmay_the_grid_minigrid_large,
          minmay_the_grid_outer_diamond, minmay_the_grid_holed_spiral,
          minmay_the_grid_rooms, minmay_the_grid_large_cup,
          minmay_the_grid_paths, minmay_the_grid_armoury,
          minmay_the_grid_gridbox, minmay_the_grid_prize_trominoes],
          layout_rooms, enter_bailey_2, minivault_22, uniq_maggie, uniq_psyche
D:11:     layout_irregular_city, david_lair_shrubbed,
          nicolae_trove_entry_diagonal
D:12:     layout_rooms, uniq_maurice
D:13:     layout_basic, uniq_azrael
D:14:     layout_loops_ring, erik_vaults_1, dk_noncrumbling_2,
          kennysheep_generic_room_12
D:15:     gammafunk_depths_entry_grave, layout_stronghold,
          gammafunk_ghost_crypt, minmay_misc_feat_square,
          minmay_misc_feat_columns, nemelex_lonely_heart_becter
Lair:1:   layout_loops_ring, basic_altar, grunt_megastairs_5
Lair:2:   layout_regular_city, shoals_dummy_entry, gauntlet_entry_generic,
          st_stairs_4, lemuel_fruit_tree
Lair:3:   layout_gridlike, nicolae_snake_entry_squirm, basic_altar
Lair:4:   wander_river, layout_cave_pods, grunt_megastairs_2
Lair:5:   hangedman_lair_caniforms_friends, layout_layer_cave,
          minmay_slime_entry_jelly_boxes, serial_bayou_lake_a, uniq_sonja
Orc:1:    layout_caves, basic_altar, elf_legates
Orc:2:    pubby_orc_utopia, serial_shops
Abyss:3:  base: D:3, hangedman_abyss_monster_moat

Skill      XL: |  1  2  3  4  5  6  7  8  9 10 11 12 13 14 15 16 17 |
---------------+----------------------------------------------------+-----
Long Blades    | 3 4 5 6 7 8 10 11 12 13 | 13.2
Armour         | 2 3 4 5 6 7 8 9 10 11 12 | 12.2
Dodging        | 3 4 5 6 7 9 10 11 12 13 | 13.4
Spellcasting   | 1 2 3 4 6 7 8 9 10 | 10.8
Conjurations   | 1 2 3 4 6 7 8 9 10 | 10.8
Hexes          | 1 2 3 4 6 7 8 9 10 | 10.8
Summonings     | 1 2 3 4 6 7 8 9 10 | 10.8
Necromancy     | 1 2 3 4 6 7 8 9 10 | 10.8
Translocations | 1 2 3 4 6 7 8 9 10 | 10.8
Transmutations | 1 2 3 4 6 7 8 9 10 | 10.8
Fire Magic     | 1 2 3 4 6 7 8 9 10 | 10.8
Ice Magic      | 1 2 3 4 6 7 8 9 10 | 10.8
Air Magic      | 1 2 3 4 6 7 8 9 10 | 10.8
Earth Magic    | 1 2 3 4 6 7 8 9 10 | 10.8
Poison Magic   | 1 2 3 4 6 7 8 9 10 | 10.8
Fighting       | 4 5 6 7 8 9 10 11 12 | 12.5
Shapeshifting  | 2 3 5 6 7 |  7.4
Evocations     | 2 4 5 6 |  6.5
Shields        | 3 |  3.7

Action                     |  1- 3 |  4- 6 |  7- 9 | 10-12 | 13-15 | 16-18 || total
---------------------------+-------+-------+-------+-------+-------+-------++-------
  Melee: Falchion          |   106 |    68 |   598 |   633 |       |       ||  1405
         Punch             |     1 |     1 |    13 |    12 |    19 |     6 ||    52
         Headbutt          |       |       |     2 |   173 |   360 |   309 ||   844
         Scimitar          |       |       |       |    69 |  1229 |  1089 ||  2387
         Bite              |       |       |       |       |    51 |       ||    51
         Unarmed           |       |       |       |       |     6 |       ||     6
         Triple sword      |       |       |       |       |    23 |       ||    23
   Cast: Summon Small Mamm |       |     1 |     2 |       |       |       ||     3
         Wereblood         |       |       |     2 |    12 |    17 |    15 ||    46
         Summon Lightning  |       |       |       |    32 |    31 |     8 ||    71
         Flame Wave        |       |       |       |    13 |    11 |     1 ||    25
         Metabolic Englaci |       |       |       |       |     4 |     1 ||     5
  Evoke: Wand              |       |       |     1 |     1 |     3 |     3 ||     8
    Use: Potion            |       |     5 |       |     1 |     6 |     5 ||    17
         Scroll            |       |       |    13 |     3 |     9 |     5 ||    30
   Stab: Sleeping          |     1 |       |     6 |     1 |     7 |    16 ||    31
         Paralysed         |       |     3 |     1 |       |     2 |       ||     6
         Petrified         |       |       |     1 |     2 |       |       ||     3
         Petrifying        |       |       |     1 |       |       |     1 ||     2
         Confused          |       |       |     1 |     3 |     2 |     5 ||    11
         Distracted        |       |       |       |     9 |    10 |     3 ||    22
         Invisible         |       |       |       |     6 |     5 |     3 ||    14
 Armour: Leather armour    |    92 |    58 |   283 |       |       |       ||   433
         Ring mail         |       |       |   103 |   424 |   961 |   710 ||  2198
         Skin              |       |       |       |       |    14 |       ||    14
  Dodge: Dodged            |   109 |    44 |   448 |   572 |  1396 |   851 ||  3420
  Block: Kite shield       |       |       |       |       |       |   163 ||   163

Table legend: (Time is in decaauts)
 A = Elapsed time spent in this place.
 B = Non-inter-level travel time spent in this place.
 C = Inter-level travel time spent in this place.
 D = Time resting spent in this place.
 E = Time spent auto-exploring this place.
 F = Levels seen in this place.
 G = Mean time per level.
                   A        B        C        D        E       F      G
               +--------+--------+--------+--------+--------+-----+--------+
         Total |  30524 |  29642 |    882 |   7432 |  15149 |  27 | 1130.5 |
       Dungeon |  20625 |  19976 |    649 |   6666 |   9774 |  15 | 1375.0 |
          Lair |   5343 |   5159 |    184 |     84 |   3467 |   5 | 1068.6 |
  Orcish Mines |   2190 |   2141 |     49 |    104 |   1263 |   2 | 1095.0 |
         Abyss |   1028 |   1028 |      0 |    486 |      5 |   2 |  514.0 |
         Sewer |    483 |    483 |      0 |      0 |    268 |   1 |  483.0 |
        Bailey |    346 |    346 |      0 |     46 |    162 |   1 |  346.0 |
      Gauntlet |    507 |    507 |      0 |     44 |    209 |   1 |  507.0 |
               +--------+--------+--------+--------+--------+-----+--------+

Top non-repeatable levels by time:
     D:1: 5484 daAuts
    D:14: 2131 daAuts
   Orc:2: 1534 daAuts
  Lair:5: 1407 daAuts
     D:7: 1341 daAuts
     D:9: 1297 daAuts
  Lair:4: 1277 daAuts
     D:5: 1274 daAuts
     D:8: 1225 daAuts
     D:6: 1075 daAuts
     D:2: 1014 daAuts
     D:4: 993 daAuts
  Lair:3: 945 daAuts
     D:3: 935 daAuts
    D:15: 931 daAuts
